 Dungeon Crawl Stone Soup version 0.28-a0-862-g58c29a6370 (webtiles) character file.

Game seed: 8231816708973381668

1095 Htamos the Chiller (level 8, -1/60 HPs)
             Began as a Merfolk Ice Elementalist on Nov 16, 2021.
             Was an Initiate of Makhleb.
             Slain by a harpy (4 damage)
             ... on level 5 of the Dungeon.
             The game lasted 00:17:18 (6405 turns).

Htamos the Chiller (Merfolk Ice Elementalist)       Turns: 6405, Time: 00:17:19

Health: -1/60      AC:  8    Str: 11    XL:     8   Next: 31%
Magic:  13/14      EV: 13    Int: 14    God:    Makhleb [......]
Gold:   207        SH:  5    Dex: 20    Spells: 11/15 levels left

rFire   . . .      SeeInvis .   d - +0 short sword
rCold   . . .      Faith    .   n - +0 buckler
rNeg    . . .      Spirit   .   y - +0 ring mail
rPois   .          Reflect  .   (no helmet)
rElec   .          Harm     .   (no cloak)
rCorr   .          Rampage  .   f - +2 pair of gloves {archery}
Will    .....                   (no boots)
Stlth   +++.......              u - amulet of magic regeneration
HPRegen 0.20/turn               j - +6 ring of dexterity
MPRegen 0.39/turn               (no ring)

@: on berserk cooldown, slowed, very slow
A: (nimble swimmer 2), mertail
a: Renounce Religion


You were on level 5 of the Dungeon.
You worshipped Makhleb.
Makhleb was noncommittal.
You visited 2 branches of the dungeon, and saw 6 of its levels.

You collected 207 gold pieces.

Inventory:

Hand Weapons
 d - a +0 short sword (weapon)
Missiles
 g - 36 poisoned darts
Armour
 a - a +0 robe
 f - a +2 pair of gloves of archery (worn)
 h - a +0 plate armour
 n - a +0 buckler (worn)
 y - a +0 ring mail (worn)
Jewellery
 j - a +6 ring of dexterity (left hand)
 l - an amulet of guardian spirit
 u - an amulet of magic regeneration (around neck)
 C - a ring of magical power
Wands
 o - a wand of polymorph (1)
Scrolls
 e - a scroll of teleportation {unknown}
 k - a scroll of fear {unknown}
 r - a scroll of immolation {unknown}
 s - a scroll of magic mapping {unknown}
 w - 4 scrolls of identify {unknown}
 B - a scroll of noise {unknown}
Potions
 b - a potion of brilliance {unknown}
 c - a potion of curing {@qc}
 i - a potion of mutation {unknown}
 m - 2 potions of ambrosia {unknown}
 p - a potion of berserk rage
 q - a potion of cancellation {unknown}
 t - a potion of flight {unknown}
 v - a potion of might {unknown}
 x - 2 potions of attraction {unknown}
 z - a potion of heal wounds {unknown}
 A - a potion of lignification {unknown}


   Skills:
 + Level 4.0 Fighting
 + Level 5.9 Dodging
 + Level 5.2 Stealth
 + Level 2.9 Shields
 + Level 4.1 Spellcasting
 + Level 6.2 Ice Magic


You had 11 spell levels left.
You knew the following spells:

 Your Spells              Type           Power      Damage    Failure   Level
a - Freeze                Ice            80%        1d9       4%          1
b - Ozocubu's Armour      Ice            20%        N/A       13%         3

Your spell library contained the following spells:

 Spells                   Type           Power      Damage    Failure   Level
 Frozen Ramparts          Ice            40%        1d6       13%         3
 Animate Skeleton         Necr           4%         N/A       47%         1
 Pain                     Necr           8%         1d4       47%         1
 Hailstorm                Conj/Ice       11%        3d5       83%         4
 Ignite Poison            Fire/Tmut/Pois 2%         N/A       85%         3
 Mephitic Cloud           Conj/Pois/Air  2%         N/A       85%         3
 Vampiric Draining        Necr           2%         2d6       85%         3
 Freezing Cloud           Conj/Ice/Air   4%         6-21      99%         5


Dungeon Overview and Level Annotations

Branches:
Dungeon (5/15)             Temple (1/1) D:5

Altars:
Ashenzari
Cheibriados
Dithmenos
Elyvilon
Fedhas
Gozag
Hepliaklqana
Kikubaaqudgha
Makhleb
Nemelex Xobeh
Okawaru
Qazlal
Ru
Sif Muna
Trog
Uskayaw
Vehumet
Wu Jian
Xom
Zin
The Shining One

Shops:
D:1 (   D:2 [


Innate Abilities, Weirdness & Mutations

((You are quick and stealthy near water. (Stealth+, EV+, Speed+++)))
Your lower body shifts to a powerful aquatic tail in water.


Message History

The yak is severely wounded.
The yak closely misses you.
You hit the yak but do no damage.
The yak is heavily wounded.
The yak gores you.
You hit the yak.
The yak is severely wounded.
The yak gores you!
You hit the yak.
The yak is almost dead.
You hit the yak.
The yak is almost dead.
The yak gores you!
You puncture the yak!
You kill the yak!
Makhleb accepts your kill. The harpy claws you!
* * * LOW HITPOINT WARNING * * *
The harpy claws you!
* * * LOW HITPOINT WARNING * * *
Your Fighting skill increases to level 4!
Your Spellcasting skill increases to level 4!
You are too berserk!
Unknown command.
You are too berserk!
You hit the harpy.
The harpy is heavily wounded.
The harpy claws you!
* * * LOW HITPOINT WARNING * * *
The harpy misses you. x2; The harpy claws you!
* * * LOW HITPOINT WARNING * * *
Unknown command.
The harpy screeches!
You feel a strong urge to attack something.
You are no longer berserk.
You are exhausted.
You feel yourself slow down. The harpy claws you.
* * * LOW HITPOINT WARNING * * *
The harpy claws you.
You die...

#####.# #.# # #. #.#
#.# ## #. #.# #.# #.
#. #.# #.# #. #Y #.#
#.# #. #Y #####.# #.#
#. #. #.....###.# #.
#.#######.........# #.
#.Y.H@.....##########.
#########.## #.....
#.# #..... #.# #.....
#.# #..... #.# #.....
#.# ###.## #.# #.##
#.#########.##


You could see a yak and a harpy.

Vanquished Creatures
  2 yaks (D:5)
  A fire bat (D:5)
  A sky beast (D:5)
  2 phantoms (D:5)
  A centaur zombie (D:5)
  A hound (D:4)
  2 orc priests (D:3)
  A centaur skeleton (D:4)
  An iguana (D:4)
  An orc wizard (D:3)
  A scorpion zombie (D:5)
  A howler monkey skeleton (D:5)
  7 adders
  A white imp (D:5)
  An ufetubus (D:5)
  An adder skeleton (D:4)
  A worm (D:2)
  3 dart slugs
  5 orcs (D:3)
  5 ball pythons
  7 bats
  8 endoplasms
  5 giant cockroaches
  11 goblins
  11 hobgoblins
  A jackal (D:2)
  3 quokkas
  3 frilled lizards
  15 kobolds
  9 rats
112 creatures vanquished.

Notes
Turn   | Place    | Note
-------+----------+-------------------------------------------
     0 | D:1      | Htamos the Merfolk Ice Elementalist began the quest for the
                  | Orb.
     0 | D:1      | Reached XP level 1. HP: 13/13 MP: 3/3
    43 | D:1      | Found Beqeluisk's Weapon Shop.
   270 | D:1      | Reached XP level 2. HP: 19/19 MP: 1/5
  1155 | D:2      | Found a glowing silver altar of Zin.
  1168 | D:2      | Reached XP level 3. HP: 19/25 MP: 1/6
  1835 | D:2      | Reached skill level 1 in Fighting
  1839 | D:2      | Learned a level 3 spell: Ozocubu's Armour
  1951 | D:2      | Found Igoxayb's Antique Armour Emporium.
  1983 | D:2      | Reached XP level 4. HP: 32/32 MP: 7/7
  2679 | D:3      | Reached skill level 5 in Ice Magic
  2679 | D:3      | Reached XP level 5. HP: 36/37 MP: 3/9
  3532 | D:3      | Reached XP level 6. HP: 41/44 MP: 6/10
  4453 | D:4      | Reached skill level 1 in Shields
  4711 | D:5      | Entered Level 5 of the Dungeon
  4734 | D:5      | Noticed an ice beast
  5249 | D:5      | Reached XP level 7. HP: 51/51 MP: 10/12
  5360 | D:5      | Found a staircase to the Ecumenical Temple.
  5373 | Temple   | Entered the Ecumenical Temple
  5425 | Temple   | Became a worshipper of Makhleb the Destroyer
  5871 | D:5      | Noticed a blink frog
  5871 | D:5      | an ogre changed into a blink frog
  5872 | D:5      | Noticed a fire bat
  5872 | D:5      | a blink frog changed into a fire bat
  5882 | D:5      | Reached skill level 5 in Dodging
  5884 | D:5      | Killed a fire bat
  6259 | D:5      | Noticed a yak
  6273 | D:5      | Killed a yak
  6274 | D:5      | Reached skill level 5 in Stealth
  6274 | D:5      | Reached skill level 6 in Ice Magic
  6274 | D:5      | Reached XP level 8. HP: 37/60 MP: 7/13
  6388 | D:5      | Noticed a yak
  6388 | D:5      | Noticed a yak
  6388 | D:5      | Noticed a yak
  6390 | D:5      | Noticed a harpy
  6390 | D:5      | a yak changed into a harpy
  6402 | D:5      | Killed a yak
  6405 | D:5      | HP: 3/60 [harpy (1)]
  6405 | D:5      | Slain by a harpy

Illustrated notes

Levels and vault maps discovered:
D:1:      tarquinn_simple_flora_water_f, layout_basic, serial_shops,
          nicolae_shop_trees, dreamdust_ecumenical_altar_hidden_monk_grotto
D:2:      minmay_razor_zed, layout_basic, serial_shops, shop, basic_altar
D:3:      layout_rooms
D:4:      layout_basic
D:5:      layout_loops_ring, minmay_temple_entry_stoned_glass,
          ebering_ghost_rock_garden, uniq_sigmund
Temple:   kilobyte_greek_temple

Skill      XL: |  1  2  3  4  5  6  7  8 |
---------------+-------------------------+-----
Dodging        | 3 4 5 |  5.9
Fighting       | 1 2 3 4 |  4.0
Stealth        | 3 4 5 |  5.2
Ice Magic      | 5 6 |  6.2
Spellcasting   | 3 4 |  4.1
Shields        | 1 2 |  2.9

Action                   |  1- 3 |  4- 6 |  7- 9 || total
-------------------------+-------+-------+-------++-------
Melee: Short sword       |     9 |   124 |    40 ||   173
       Unarmed           |     1 |       |       ||     1
 Cast: Freeze            |    62 |    92 |    20 ||   174
       Ozocubu's Armour  |       |     2 |       ||     2
Evoke: Wand              |       |       |     6 ||     6
  Use: Potion            |       |     3 |     2 ||     5
 Stab: Sleeping          |     1 |     9 |     1 ||    11
Armor: Robe              |    13 |    65 |       ||    78
       Ring mail         |       |     2 |    21 ||    23
Dodge: Dodged            |    50 |   149 |    23 ||   222
Block: Buckler           |       |    19 |    12 ||    31

Table legend: (Time is in decaauts)
 A = Elapsed time spent in this place.
 B = Non-inter-level travel time spent in this place.
 C = Inter-level travel time spent in this place.
 D = Time resting spent in this place.
 E = Time spent auto-exploring this place.
 F = Levels seen in this place.
 G = Mean time per level.
                   A        B        C        D        E       F      G
               +--------+--------+--------+--------+--------+-----+--------+
         Total |   6444 |   6215 |    229 |    253 |   4804 |   6 | 1074.0 |
       Dungeon |   6130 |   5977 |    153 |    253 |   4626 |   5 | 1226.0 |
        Temple |    313 |    237 |     76 |      0 |    178 |   1 |  313.0 |
               +--------+--------+--------+--------+--------+-----+--------+

Top non-repeatable levels by time:
     D:2: 1509 daAuts
     D:5: 1355 daAuts
     D:1: 1155 daAuts
     D:3: 1082 daAuts
     D:4: 1028 daAuts
  Temple: 313 daAuts
